[Event "*** Titled Tuesday 3|2 Blitz"]
[Site "Chess.com"]
[Date "2016.05.03"]
[Round "6"]
[White "Makalexa"]
[Black "charlescandycampbell"]
[Result "1-0"]
[WhiteElo "2099"]
[BlackElo "2049"]
[TimeControl "180+2"]
[EndTime "12:17:04 PDT"]
[Termination "Makalexa won by checkmate"]

1. e4 c6 2. d4 d5 3. Nc3 dxe4 4. Nxe4 Bf5 5. Ng3 Bg6 6. h4 h6 7. h5 Bh7 8. Nf3 Nd7 9. Bd3 Bxd3 10. Qxd3 Qc7 11.
Bd2 e6 12. O-O-O Ngf6 13. Ne4 O-O-O 14. g3 Nc5 15. Nxc5 Bxc5 16. c4 Bd6 17. Bc3 Rhe8 18. Qc2 c5 19. d5 e5 20. Nh4 Qd7 21. Nf5 Bf8 22. Rde1 e4 23. Bxf6 gxf6 24. g4 Re5 25.
Rxe4 Rxe4 26. Qxe4 Re8 27. Qc2 Re5 28. Rd1 Kd8 29. a3 Qe8 30. Qd2 b6 31. d6 Re2 32.
Qd5 Qe4 33. Qxe4 Rxe4 34. Ne3 Kd7 35. Kc2 Bxd6 36. Nf5 Re6 37. Nxh6 Ke8 38. Nf5 Bf4 39. Ng7+ Ke7 40. Nxe6 fxe6 41. Kd3 f5 42. gxf5 exf5 43. Rh1 Bh6 44. Rg1 Kf7 45. Rg6 Bg7 46. b3 Bd4 47. f3 Bb2 48. a4 Bd4 49. Rc6 Kg7 50. Ke2 Bc3 51. Kf1 Bd2 52. Kg2 Be3 53. Kh3 Bd2 54. Kh4 Be3 55. h6+ Bxh6 56. Kh5 Bd2 57. Rc7+ Kf6 58. Rxa7 Ke5 59. Rb7 Ba5 60. Kg5 Bd2+ 61.
Kg6 Ba5 62. Rf7 f4 63. Rd7 Bc3 64. Kf7 Ba5 65. Rd5# 1-0

[Event "*** Titled Tuesday 3|2 Blitz"]
[Site "Chess.com"]
[Date "2016.05.03"]
[Round "6"]
[White "Colombiano07"]
[Black "alturas_pacificas"]
[Result "1-0"]
[WhiteElo "2270"]
[BlackElo "2174"]
[TimeControl "180+2"]
[EndTime "12:17:22 PDT"]
[Termination "Colombiano07 won by resignation"]

1. e4 g6 2. d4 Bg7 3. Nc3 d6 4. f4 a6 5. Nf3 Nf6 6. Bd3 O-O 7. e5 dxe5 8. fxe5 Nd5 9. h4 h5 10. Ng5 Bg4 11. Be2 Bxe2 12. Qxe2 Nxc3 13. bxc3 Qd7 14. e6 fxe6 15. Qxe6+ Qxe6+ 16. Nxe6 Rc8 17. Bf4 c5 18. Nc7 Ra7 19. Nd5 b5 20. O-O-O cxd4 21. cxd4 Nc6 22.
Rhe1 Nxd4 23. Nxe7+ Rxe7 24. Rxe7 Rxc2+ 25. Kb1 Rxg2 26. Rxg7+ Kxg7 27. Rxd4 Kf6 28. Rd5 Ke6 29. Rc5 Rg4 30.
Bg5 Rg1+ 31. Kb2 Kd6 32. Rc8 a5 33. Rg8 Rg2+ 34. Kb3 Rg3+ 35. Kb2 Rg2+ 36. Kb1 Rg1+ 37. Kc2 Rg2+ 38. Kc3 Rxa2 39. Rxg6+ Kd5 40. Rh6 b4+ 41. Kb3 Ra3+ 42. Kb2 Rh3 43. Rxh5 Kc4 44. Be7 Rh2+ 45. Kc1 Rh1+ 46. Kd2 Rh2+ 47. Ke3 Rh3+ 48. Ke4 a4 49. Rc5+ Kb3 50. Rb5 Kc3 51. Rc5+ Kb2 52. Rc4 a3 53. Rxb4+ Ka2 54. Ra4 Kb2 55. Kf5 a2 56. Bf6+ Kb3 57. Ra8 Rh1 58. Kg6 Rg1+ 59. Kf7 Rh1 60. Ra5 Rh3 61.
Kg6 Rg3+ 62. Kh6 Rh3 63. h5 Rf3 64. Bg7 Rf2 65. Kh7 Kb4 66. Ra7 Kb3 67. h6 Rg2 68.
Kg8 Rc2 69. h7 Rc8+ 70. Kf7 1-0

[Event "*** Titled Tuesday 3|2 Blitz"]
[Site "Chess.com"]
[Date "2016.05.03"]
[Round "6"]
[White "hellokostya"]
[Black "arna"]
[Result "1-0"]
[WhiteElo "2274"]
[BlackElo "2135"]
[TimeControl "180+2"]
[EndTime "12:17:27 PDT"]
[Termination "hellokostya won on time"]

1. d4 Nf6 2. c4 g6 3. Nc3 Bg7 4. e4 d6 5. f3 O-O 6. Nge2 c6 7.
Be3 a6 8. g4 b5 9. Ng3 bxc4 10.
g5 Nfd7 11. Bxc4 c5 12. d5 Ne5 13. Be2 c4 14. f4 Nd3+ 15. Bxd3 cxd3 16. Qxd3 Nd7 17. Bd4 Nc5 18. Qe3 Bxd4 19. Qxd4 Rb8 20. b3 Qa5 21. O-O Bh3 22. Rfc1 Rfc8 23. f5 Bg4 24.
Rab1 Qa3 25. h4 Nd7 26. h5 gxh5 27. g6 hxg6 28. fxg6 fxg6 29. Nce2 Ne5 30. Qe3 Qxa2 31. Nf4 Rxc1+ 32. Rxc1 Qxb3 33. Kf2 Qb2+ 34. Nge2 Rb3 35. Qa7 Kf8 36. Qa8+ Rb8 37. Qxa6 Nf7 38. Qc4 Ne5 39.
Qc3 Qb6+ 40. Kg2 Kf7 41. Rf1 Kg7 42. Kg3 Qb3 43. Kg2 Qxc3 44. Nxc3 Rb3 45. Rc1 Rb2+ 46.
Kg3 g5 47. Ng2 Rb3 48. Ne3 Bd7 49. Rc2 h4+ 50. Kh2 Kg6 51. Ned1 g4 52. Ra2 Kf6 53. Rf2+ Kg5 54. Ra2 g3+ 55. Kg2 Nc4 56. Ra8 h3+ 57.
Kxg3 Nd2 58. Rg8+ Kf6 59. Kh2 Ke5 60. Rh8 Nxe4 61. Rh5+ 1-0

[Event "*** Titled Tuesday 3|2 Blitz"]
[Site "Chess.com"]
[Date "2016.05.03"]
[Round "6"]
[White "Kacparov"]
[Black "Zurability"]
[Result "1-0"]
[WhiteElo "2621"]
[BlackElo "2418"]
[TimeControl "180+2"]
[EndTime "12:18:29 PDT"]
[Termination "Kacparov won by resignation"]

1. e4 d6 2. d4 Nf6 3. Nc3 e5 4. Nf3 Nbd7 5. Bc4 Be7 6. O-O O-O 7. Re1 c6 8. a4 a5 9. h3 Nb6 10. Ba2 Nfd7 11. Be3 exd4 12. Nxd4 Nc5 13. Nf3 Nbxa4 14. Nxa4 Nxa4 15. Bxf7+ Rxf7 16. Rxa4 Bd7 17. Ra1 Qf8 18. e5 Rxf3 19. Qxf3 Qxf3 20. gxf3 d5 21. Kg2 Bf5 22. c3 a4 23. Bb6 Ra6 24. Bc7 Kf7 25.
Bd6 Bg5 26. Kg3 Ke6 27. f4 Bd8 28. h4 h5 29. Ra3 Bc2 30. Rc1 Bb3 31. Raa1 g6 32.
Kh3 Bb6 33. Kg3 Ra8 34. Kf3 Bd8 35. Kg3 b6 36. Rg1 c5 37. Rac1 Bc4 38. Kh3 Bd3 39.
Rgd1 Bf5+ 40. Kg3 a3 41. bxa3 Rxa3 42. f3 Rb3 43. Rd2 Ra3 44. Bf8 Bc7 45. Bd6 Bxd6 46.
exd6 Kxd6 47. Re2 d4 48. cxd4 cxd4 49. Re8 d3 50. Rd8+ Ke7 51. Rd4 Rb3 52. Rc6 b5 53.
Kf2 Rb2+ 54. Ke1 Re2+ 55. Kd1 Re3 56. Rc7+ Ke8 57. Rd6 Re7 58. Rxe7+ Kxe7 59. Rd5 b4 60. Rb5 Kf7 61. Rxb4 Ke6 62. Kd2 Kd5 63. Ke3 Kc5 64. Rd4 Kc6 65. Rd8 Kc7 66. Rf8 Kd6 67. Rf7 Kc6 68.
Ra7 Kd6 69. Ra4 Ke6 70. Rd4 Ke7 71. Kd2 Ke6 72. Kc3 Ke7 73. Kc4 Ke6 74. Kc5 Ke7 75. Kd5 Kf6 76. Kd6 Kf7 77. Ke5 Ke7 78. Rd5 Kf7 79.
Kd6 Kf6 80. Rd4 Kf7 81. Ke5 Ke7 82. Rd5 Kf7 83. Kd4 Ke6 84. Re5+ Kd6 85. Ke3 Kc6 86.
Kd2 Kd6 87. Re4 1-0

[Event "*** Titled Tuesday 3|2 Blitz"]
[Site "Chess.com"]
[Date "2016.05.03"]
[Round "6"]
[White "ZivkovicN"]
[Black "dretch"]
[Result "0-1"]
[WhiteElo "2381"]
[BlackElo "2578"]
[TimeControl "180+2"]
[EndTime "12:18:30 PDT"]
[Termination "dretch won on time"]

1. e4 e6 2. d3 d5 3. Nd2 c5 4. Ngf3 Nc6 5. Be2 Bd6 6. O-O Nge7 7. c3 O-O 8. Re1 Bc7 9. a3 a5 10. a4 d4 11. Nc4 e5 12. Bf1 f6 13. Bd2 Be6 14. Qb3 b6 15. Rac1 Kh8 16. Qb5 Na7 17. Qb3 Rb8 18. Qd1 Nec6 19. Qc2 Qd7 20. Ra1 Rfd8 21. h3 b5 22. axb5 Nxb5 23. Bc1 Nd6 24.
Nfd2 Nxc4 25. Nxc4 f5 26. Bg5 Rf8 27. exf5 Bxf5 28.
Nd2 Bd8 29. Bxd8 Qxd8 30. Nc4 Re8 31. Qa4 Qd5 32. Nxa5 Nxa5 33. Qxa5 Rxb2 34. cxd4 Qxd4 35. Re2 Rbb8 36. Re3 h6 37. Rae1 Rb2 38. Qc7 e4 39. Qf7 Re5 40. dxe4 Be6 41. Qf8+ Kh7 42. Rd3 Qb4 43.
Rc1 c4 44. Qxb4 Rxb4 45. Rd4 Rc5 46. f4 g6 47. Rc3 Rb3 48. Rc1 c3 49. Bd3 Rb2 50.
Bc2 Kg7 51. Rd6 Kf7 52. e5 Ke7 53. Bxg6 c2 54. Kh2 Bb3 55. Rd2 Ba4 56. Kg3 Ke6 57. Kg4 Rc4 58. Bf5+ Ke7 59. g3 Rc3 60. Kh4 Kf7 61.
Kg4 Kg7 62. e6 Kf6 63. h4 h5+ 64. Kxh5 Kxf5 65. e7 Be8+ 66. Kh6 Kf6 67. Re2 Kf7 68. g4 Rb6+ 69. Kg5 Rc7 70. f5 Ba4 71. Re4 Rb1 72.
Ree1 Rxc1 73. Rxc1 Rxe7 74. h5 Rd7 75. h6 Rd1 76. h7 Kg7 77. f6+ Kxh7 0-1

[Event "*** Titled Tuesday 3|2 Blitz"]
[Site "Chess.com"]
[Date "2016.05.03"]
[Round "6"]
[White "motivated_bishop"]
[Black "oskariot"]
[Result "0-1"]
[WhiteElo "2297"]
[BlackElo "2428"]
[TimeControl "180+2"]
[EndTime "12:18:31 PDT"]
[Termination "oskariot won by resignation"]

1. d4 Nf6 2. c4 c5 3. d5 b5 4.
cxb5 a6 5. bxa6 g6 6. Nc3 Bxa6 7. e4 Bxf1 8. Kxf1 d6 9. h3 Bg7 10. g3 O-O 11. Kg2 Nbd7 12. Nf3 Qa5 13. Re1 Rfb8 14.
Re2 Ne8 15. Bg5 Rxb2 16. Rxb2 Bxc3 17. Rab1 Bxb2 18. Rxb2 f6 19. Bd2 Qa4 20. Qe2 Qa6 21. Qd1 Qd3 22. Qe1 Ra4 23. Rb3 Qc2 24. Rb7 Rxe4 25. Qf1 Ne5 26. Qb5 Kf7 27. Rb8 Qa4 28. Nxe5+ fxe5 29. Qd3 Qd4 30. Qf3+ Nf6 31. Bh6 Qxd5 32.
Rf8+ Ke6 33. Kh2 Re1 34. Qxd5+ Kxd5 35. Bg5 Re2 36. Kg2 Ke6 37. a4 Ra2 38. Ra8 c4 39.
a5 c3 40. a6 d5 41. a7 d4 42. Bxf6 Kxf6 43. Rf8+ Ke6 44. a8=Q Rxa8 45. Rxa8 c2 46. Rc8 d3 47. Rc3 d2 48. Rxc2 d1=Q 49. Rc6+ Kf5 50. Rc3 Qd5+ 51. Kh2 e4 52. Re3 Qd4 53. Kg2 h5 54.
Re1 Qd2 55. Re3 Qc2 56. h4 e6 57. Re1 Qd2 58. Re3 Qd1 59. Rc3 e5 60. Re3 Qc2 61. Re1 g5 62. hxg5 Kxg5 63. Re3 Kg4 64. Re1 h4 65.
gxh4 Kxh4 66. Re3 Kg4 67. Rg3+ Kf4 68. Re3 Qd1 69. Rg3 Qf3+ 70. Rxf3+ exf3+ 71. Kh2 e4 72. Kg1 e3 73. fxe3+ Kxe3 74. Kf1 f2 75. Kg2 Ke2 76. Kg3 f1=Q 77. Kg4 Qf6 0-1

[Event "*** Titled Tuesday 3|2 Blitz"]
[Site "Chess.com"]
[Date "2016.05.03"]
[Round "6"]
[White "simonachess"]
[Black "bugsbunny444"]
[Result "0-1"]
[WhiteElo "2130"]
[BlackElo "2377"]
[TimeControl "180+2"]
[EndTime "12:18:32 PDT"]
[Termination "bugsbunny444 won by checkmate"]

1. d4 e6 2. c4 b6 3. a3 Bb7 4.
Nc3 f5 5. d5 Nf6 6. g3 Na6 7.
Bg2 Nc5 8. Nh3 Bd6 9. O-O Be5 10.
Qc2 O-O 11. Bf4 Bxf4 12. Nxf4 e5 13. Nd3 Nxd3 14. exd3 d6 15. Rae1 f4 16. d4 Nd7 17.
Bh3 exd4 18. Nb5 d3 19. Qxd3 Ne5 20. Qc3 Bc8 21. Bg2 f3 22. Bh1 Bh3 23. Rxe5 Bxf1 24. Re3 Be2 25. Nd4 Qf6 26. Re6 Qg5 27. Bxf3 Bxf3 28.
Nxf3 Qf5 29. Qe3 Qxf3 30. Qe1 Qf5 31. Re7 Rf7 32. Re3 Raf8 33. f4 Qc2 34. b3 g5 35.
Rc3 Qf5 36. Rf3 Qg4 37. Kg2 gxf4 38. c5 bxc5 39. b4 cxb4 40. Qxb4 Qg5 41. Qd4 Qe5 42. Qxa7 fxg3 43. Rxg3+ Kh8 44. Qg1 Qxd5+ 45. Kh3 Qh5+ 46.
Kg2 Rf2+ 47. Qxf2 Rxf2+ 48. Kxf2 Qxh2+ 49. Rg2 Qf4+ 50. Ke2 Qe4+ 51. Kf2 Qc2+ 52. Kg1 Qc1+ 53. Kh2 Qxa3 54. Rf2 d5 55. Rg2 h6 56. Re2 Qd6+ 57.
Kg2 Kh7 58. Kf3 d4 59. Re4 d3 60. Re1 d2 61. Rd1 c5 62. Ke2 h5 63. Rxd2 Qxd2+ 64. Kxd2 h4 65. Ke3 c4 66. Kd4 h3 67.
Kxc4 h2 68. Kd4 h1=Q 69. Ke5 Kg6 70. Kd6 Kf6 71. Kd7 Qd5+ 72. Kc7 Qc5+ 73. Kb7 Ke6 74. Ka6 Qb4 75. Ka7 Kd7 76. Ka8 Kc7 77. Ka7 Qb7# 0-1

[Event "*** Titled Tuesday 3|2 Blitz"]
[Site "Chess.com"]
[Date "2016.05.03"]
[Round "6"]
[White "MinhGTrAn"]
[Black "Dlugy"]
[Result "0-1"]
[WhiteElo "2623"]
[BlackElo "2594"]
[TimeControl "180+2"]
[EndTime "12:18:47 PDT"]
[Termination "Dlugy won by resignation"]

1. d4 d5 2. c4 dxc4 3. Nf3 a6 4.
a4 Nc6 5. e3 Bg4 6. Bxc4 e6 7.
O-O Nf6 8. h3 Bh5 9. Nc3 Bd6 10.
Be2 O-O 11. b3 Qe7 12. Bb2 Rad8 13. Nd2 Bxe2 14. Qxe2 e5 15. d5 Nb4 16. e4 Nc2 17.
Rac1 Nd4 18. Qc4 Nh5 19. Ne2 b5 20. Qd3 Nxe2+ 21. Qxe2 Nf4 22. Qf3 Qg5 23. Rfd1 f5 24. Rc6 Rf6 25. Bc1 Rg6 26. g3 Nxh3+ 27. Kg2 Rh6 28.
exf5 Nf4+ 29. Kg1 Rf8 30. Ne4 Qxf5 31. gxf4 exf4 32. Nxd6 cxd6 33. Kg2 Rg6+ 34. Kf1 Rh6 35. Kg2 Qg5+ 36. Kf1 Qf5 37. Rc3 Rh4 38. Re1 g5 39. Bb2 g4 40. Rc7 gxf3 41. Rg7+ Kh8 42. Rg5+ Qe5 43.
Bxe5+ dxe5 44. Rexe5 Rh1+ 45. Rg1 Rxg1+ 46. Kxg1 Rg8+ 47.
Kf1 Rc8 48. Kg1 Rc5 49. a5 b4 50. Re6 Rxa5 51. Rd6 Kg7 52. Rd8 Ra3 53. d6 Rxb3 54. Rb8 Rd3 55. Rxb4 Rxd6 56. Rxf4 Rg6+ 57. Kh1 Rf6 58.
Ra4 Kf7 59. Kh2 Ke7 60. Kg3 Kd7 61. Kg4 h6 62. Rc4 Kd6 63. Rc8 Kd5 64. Kg3 Kd4 65.
Kg4 Kd3 66. Kg3 Ke2 67. Rc2+ Kd3 68. Rc8 Ke4 69. Re8+ Kd5 70. Rc8 h5 71. Rc7 Kd4 72. Rc8 a5 73. Rc7 Rf5 74. Rc8 Rc5 75. Rd8+ Kc3 76. Kxf3 a4 77. Ra8 Kb4 78. Kg3 a3 79.
Rb8+ Rb5 80. Re8 a2 81. Re1 Kc3 0-1

[Event "*** Titled Tuesday 3|2 Blitz"]
[Site "Chess.com"]
[Date "2016.05.03"]
[Round "6"]
[White "underdogchss"]
[Black "Usurpov"]
[Result "1-0"]
[WhiteElo "2367"]
[BlackElo "2332"]
[TimeControl "180+2"]
[EndTime "12:18:53 PDT"]
[Termination "underdogchss won by resignation"]

1. d4 Nf6 2. Nf3 g6 3. c4 Bg7 4.
Nc3 d5 5. Bg5 Ne4 6. Bh4 Nxc3 7.
bxc3 c5 8. e3 cxd4 9. exd4 Nc6 10.
Be2 dxc4 11. Bxc4 Qa5 12. Qb3 O-O 13. O-O Qh5 14. Qb5 Bg4 15. Qxh5 Bxh5 16. Rab1 Rfc8 17.
Bd5 e6 18. Be4 f5 19. Bd3 Bxf3 20. gxf3 e5 21. Bc4+ Kh8 22. Be6 Rc7 23. d5 Na5 24. d6 Rc6 25. Rfd1 h6 26. Bf7 g5 27. d7 Rd8 28.
Bg3 f4 29. Rb5 b6 30. Rbd5 Nb7 31. c4 fxg3 32. hxg3 Bf6 33. Kg2 Kg7 34. Be8 Nc5 35. g4 Ne6 36. Kg3 Rxc4 37. Rd6 Nf4 38. a3 Rc3 39. a4 Ne2+ 40. Kg2 Nd4 41. a5 bxa5 42. Ra1 Rxf3 43. Rxd4 exd4 44. Kxf3 d3 45. Rd1 a4 46.
Rxd3 Bb2 47. Rd5 a3 48. Ra5 Kf6 49. Ra6+ Ke5 50. Ke3 Bd4+ 51. Kd3 Bxf2 52. Rxa3 Kf4 53. Ra4+ Kg3 54. Ke2 Bb6 55. Rc4 Kh4 56. Kf3 Kh3 57. Rc1 Kh2 58. Rc2+ Kh3 59. Rc6 Kh2 60. Rxh6+ Kg1 61.
Rc6 Kh2 62. Rc2+ Kh3 63. Rc8 Kh2 64. Rc6 Bd4 65. Rc4 Bb6 66. Rc2+ Kh3 67. Rb2 Bd4 68. Rb5 Bf6 69. Rf5 Bd4 70. Rf7 Kh2 71. Rf8 Bb6 72. Rh8+ Kg1 73. Kg3 Kf1 74. Kf3 Ke1 75. Ke4 Kd2 76.
Rg8 Be3 77. Rg6 Bf4 78. Rf6 a6 79. Rxa6 Kc3 80. Re6 Kc4 81. Rc6+ Kb5 82. Rc8 1-0

[Event "*** Titled Tuesday 3|2 Blitz"]
[Site "Chess.com"]
[Date "2016.05.03"]
[Round "6"]
[White "ChessWarrior7197"]
[Black "Journey_to_GrandMaster_YT"]
[Result "0-1"]
[WhiteElo "2469"]
[BlackElo "2348"]
[TimeControl "180+2"]
[EndTime "12:23:57 PDT"]
[Termination "Journey_to_GrandMaster_YT won on time"]

1. e4 d6 2. d4 Nf6 3. Nc3 e5 4.
Nf3 Nbd7 5. h3 c6 6. a4 a5 7. Bc4 Be7 8. O-O O-O 9. Be3 Nxe4 10. Nxe4 d5 11. Nxe5 Nxe5 12. dxe5 dxe4 13. Bd4 Bf5 14.
Re1 Qc7 15. Bc3 Rad8 16. Qh5 Bg6 17. Qe2 Bc5 18. Rad1 b6 19. b3 h6 20. Kh1 Bb4 21. Bxb4 axb4 22. e6 fxe6 23. Bxe6+ Kh7 24. Kg1 Qe5 25. Bc4 Qc3 26. h4 h5 27. g3 c5 28. Rxd8 Rxd8 29. Rd1 Rxd1+ 30. Qxd1 e3 31. f4 Qxc2 32. Qxc2 Bxc2 33. Kf1 Bd1 34. Ke1 Bf3 35.
f5 Kh6 36. Kf1 g5 37. f6 gxh4 38. gxh4 Kg6 39. f7 Kg7 40. Ke1 Kf8 41. Kf1 Ke7 42.
Ke1 Bg4 43. Kf1 Bd1 44. Ke1 Bc2 45. Ke2 Bg6 46. Kxe3 Bxf7 47. Kd3 Bxc4+ 48. Kxc4 Kd6 49. Kb5 Kd5 50. Kxb6 c4 51. a5 cxb3 52. a6 b2 53. a7 b1=Q 54. a8=Q+ Kc4 55. Qg8+ Kc3 56. Qh8+ Kb3 57.
Qxh5 Qg1+ 58. Kc6 Qg2+ 59. Kc5 Qf2+ 60. Kb5 Qf1+ 61. Ka5 Qa1+ 62. Kb6 Qd4+ 63. Kb5 Qd7+ 64. Kb6 Qd6+ 65. Kb5 Qb8+ 66. Kc5 Qc7+ 67. Kb5 Qb7+ 68. Kc5 Ka3 69. Qd1 Qe7+ 70. Kb5 Qe5+ 71. Kc4 Qf4+ 72. Kb5 Qe5+ 73. Kc4 Qc3+ 74. Kb5 b3 75. h5 Qe5+ 76. Kc4 Qc7+ 77. Kb5 Qb7+ 78. Ka5 Qb4+ 79. Ka6 b2 80. Qb1 Qc4+ 81. Ka5 Qc5+ 82.
Ka6 Qc1 83. Qd3+ Ka2 84. Qd5+ Ka1 85. Qa5+ Kb1 86. h6 Qc6+ 87. Ka7 Qxh6 88. Qf5+ Kc1 89. Qc5+ Kd1 90. Qd4+ Qd2 91. Qg4+ Kc1 92. Qc4+ Kd1 93.
Qf1+ Kc2 94. Qc4+ Qc3 95. Qa4+ Kc1 96. Qf4+ Qd2 97. Qc4+ Kd1 98. Qf1+ Kc2 99. Qc4+ Qc3 100. Qa4+ Kd3 101. Qd1+ Kc4 102. Qa4+ Kd5 103. Qa2+ Kd6 104. Qa6+ Kd7 105. Qb5+ Kd8 106. Qg5+ Kc8 107. Qf5+ Kc7 108. Qf7+ Kd6 109. Qf8+ Ke6 110. Qe8+ Kd6 111. Qf8+ Kd7 112. Qf7+ Kc6 113. Qe8+ Kc5 114. Qe7+ Kb5 115. Qb7+ Ka4 116. Qd7+ Ka5 117. Qd5+ Ka4 118. Qe4+ Qb4 119. Qc2+ Ka3 120. Qd3+ Ka2 121. Qd5+ Ka1 122. Qe5 Qa3+ 123. Kb7 Qb3+ 124. Ka7 Qa4+ 125. Kb7 Qd7+ 126. Ka6 Qc6+ 127. Ka7 Qa4+ 128. Kb7 Qb4+ 129. Ka7 Qd2 130. Kb7 Qd7+ 131. Ka6 Qc8+ 132. Ka7 Qg8 133. Kb7 Qb3+ 134. Ka7 Ka2 135. Qe2 Ka3 136. Qe7+ Qb4 137. Qe3+ Ka2 138. Qe2 Qa5+ 139. Kb7 Qd5+ 140. Ka7 Ka1 141. Qe3 b1=Q 142. Qc3+ Qb2 143. Qe1+ Ka2 0-1

[Event "*** Titled Tuesday 3|2 Blitz"]
[Site "Chess.com"]
[Date "2016.05.03"]
[Round "7"]
[White "Alexander_Donchenko"]
[Black "Yaacovn"]
[Result "0-1"]
[WhiteElo "2636"]
[BlackElo "2577"]
[TimeControl "180+2"]
[EndTime "12:27:37 PDT"]
[Termination "Yaacovn won by resignation"]

1. d4 Nf6 2. c4 e5 3. dxe5 Ne4 4. a3 d6 5. Nf3 Bf5 6. e3 Nc6 7. Nd4 dxe5 8. Nxf5 Qxd1+ 9. Kxd1 Nxf2+ 10. Ke1 Nxh1 11.
g4 g6 12. Nh4 Be7 13. Ng2 h5 14. g5 Bxg5 15. Be2 h4 16. Kf1 h3 17. Ne1 Ng3+ 18. hxg3 h2 19. Bf3 h1=Q+ 20. Bxh1 Rxh1+ 21. Kf2 e4 22. Nc3 f5 23. Nd5 O-O-O 24. Bd2 Ne5 25. Kg2 Rdh8 0-1

[Event "*** Titled Tuesday 3|2 Blitz"]
[Site "Chess.com"]
[Date "2016.05.03"]
[Round "7"]
[White "Fariasov-inactive"]
[Black "Carolina-moon"]
[Result "0-1"]
[WhiteElo "2169"]
[BlackElo "2046"]
[TimeControl "180+2"]
[EndTime "12:27:39 PDT"]
[Termination "Carolina-moon won by resignation"]

1. c4 f5 2. Nc3 Nf6 3. d4 g6 4. g3 Bg7 5. Bg2 O-O 6. Nf3 d6 7. O-O c6 8. b3 Na6 9. Bb2 Qa5 10.
Re1 Ne4 11. Nxe4 fxe4 12. Ng5 d5 13. a3 h6 14. Nh3 Bf5 15. e3 g5 16. b4 Qd8 17.
Qb3 Qd7 18. cxd5 cxd5 19. Rac1 Rad8 20. Kh1 Bxh3 21. Bxh3 Qxh3 22. b5 Rxf2 0-1

[Event "*** Titled Tuesday 3|2 Blitz"]
[Site "Chess.com"]
[Date "2016.05.03"]
[Round "7"]
[White "smurfo"]
[Black "Bentery"]
[Result "1-0"]
[WhiteElo "2533"]
[BlackElo "2356"]
[TimeControl "180+2"]
[EndTime "12:27:43 PDT"]
[Termination "smurfo won by resignation"]

1. e4 e6 2. d4 d5 3. Nc3 Nf6 4. e5 Nfd7 5. f4 c5 6. Nf3 Nc6 7. Be3 cxd4 8. Nxd4 Bc5 9. Qd2 O-O 10. O-O-O a6 11.
Qf2 Qe7 12. Bd3 Nxd4 13. Bxd4 b5 14. Kb1 Bxd4 15. Qxd4 b4 16. Na4 Bb7 17. f5 Bc6 18. f6 gxf6 19. Qg4+ Kh8 20. Qh4 f5 21. Qxe7 Bxa4 22.
g4 1-0

[Event "*** Titled Tuesday 3|2 Blitz"]
[Site "Chess.com"]
[Date "2016.05.03"]
[Round "7"]
[White "Zurability"]
[Black "ChadaevNikolay"]
[Result "0-1"]
[WhiteElo "2413"]
[BlackElo "2568"]
[TimeControl "180+2"]
[EndTime "12:28:43 PDT"]
[Termination "ChadaevNikolay won by resignation"]

1. e4 c5 2. Nc3 Nc6 3. Nge2 g6 4. d4 cxd4 5. Nxd4 Bg7 6. Be3 Nf6 7. Bc4 O-O 8. Bb3 d6 9. f3 Bd7 10. Qd2 Nxd4 11. Bxd4 b5 12. a4 bxa4 13. Bxa4 Bxa4 14. Rxa4 Qb8 15. O-O Rc8 16. b3 a6 17. Rfa1 Qb7 18. Qd3 Rc6 19. Ne2 h5 20. b4 Nd7 21. Bxg7 Kxg7 22.
b5 Rb6 23. bxa6 Qc7 24. a7 Nc5 25. Ra5 Nxd3 0-1

[Event "*** Titled Tuesday 3|2 Blitz"]
[Site "Chess.com"]
[Date "2016.05.03"]
[Round "7"]
[White "ZEN-22"]
[Black "Aygehovit1992"]
[Result "0-1"]
[WhiteElo "2400"]
[BlackElo "2497"]
[TimeControl "180+2"]
[EndTime "12:29:31 PDT"]
[Termination "Aygehovit1992 won by resignation"]

1. e4 c5 2. Nf3 d6 3. d4 cxd4 4. c3 d3 5. Bxd3 Nc6 6. h3 g6 7.
Bc4 Bg7 8. Qb3 e6 9. Bf4 Nf6 10. Nbd2 d5 11. exd5 exd5 12. Be2 O-O 13. O-O Re8 14.
Rfe1 Ne4 15. Rad1 Nc5 16. Qa3 Bf8 17. b4 Ne6 18. Bg3 a5 19. Qb3 axb4 20. cxb4 Bxb4 21. Bb5 Ra3 22. Qb2 Qa5 23. Bxc6 bxc6 24. Nb3 Rxa2 25. Qb1 Qa3 26. Re3 Rb2 27. Qd3 Ba6 28. Rxe6 Rxe6 29.
Qd4 Qxb3 30. Ng5 Qxd1+ 31. Qxd1 Re1+ 32. Qxe1 Bxe1 33. Nf3 Bc3 34. Be5 Bxe5 0-1

[Event "*** Titled Tuesday 3|2 Blitz"]
[Site "Chess.com"]
[Date "2016.05.03"]
[Round "7"]
[White "Izoria123"]
[Black "Lupul_Cenusiu"]
[Result "1-0"]
[WhiteElo "2614"]
[BlackElo "2441"]
[TimeControl "180+2"]
[EndTime "12:29:46 PDT"]
[Termination "Izoria123 won by resignation"]

1. e4 d6 2. d4 g6 3. Nf3 Bg7 4. Bc4 e6 5. Bb3 b6 6. O-O Bb7 7. Re1 Nd7 8. Nbd2 Ne7 9. Nf1 O-O 10. Ng3 d5 11. e5 c5 12. c3 Nc6 13. h4 Rc8 14. h5 Qc7 15. hxg6 fxg6 16. Be3 Na5 17. Ng5 Rce8 18. Bc2 cxd4 19. cxd4 Rc8 20. Rc1 Qd8 21. Nxh7 Rxc2 22. Rxc2 Kxh7 23. Qg4 Nc4 24. Qxe6 Nb8 25. Qh3+ Kg8 26. Qg4 Bc8 27. Qxg6 Bf5 28. Nxf5 1-0

[Event "*** Titled Tuesday 3|2 Blitz"]
[Site "Chess.com"]
[Date "2016.05.03"]
[Round "7"]
[White "Colombiano07"]
[Black "sorito"]
[Result "1-0"]
[WhiteElo "2277"]
[BlackElo "2220"]
[TimeControl "180+2"]
[EndTime "12:29:49 PDT"]
[Termination "Colombiano07 won by resignation"]

1. e4 c5 2. Nf3 Nc6 3. d4 cxd4 4. Nxd4 Nf6 5. Nc3 g6 6. Nxc6 bxc6 7. e5 Ng8 8. Bc4 Qa5 9. O-O Bg7 10. Qf3 f6 11.
Bxg8 Rxg8 12. exf6 Bxf6 13. Ne4 Qf5 14. Nxf6+ Qxf6 15. Qb3 Qf7 16. Qa3 d6 17. Bg5 h6 18.
Bxh6 g5 19. f4 gxf4 20. Bxf4 Qd5 21. Rf2 e5 22. Re1 Be6 23. Rd2 Qxa2 24. Qxd6 Rg6 25.
Qxc6+ Kf7 26. Qb7+ Kf6 27. Bxe5+ 1-0

[Event "*** Titled Tuesday 3|2 Blitz"]
[Site "Chess.com"]
[Date "2016.05.03"]
[Round "7"]
[White "Ksenia_Legenko"]
[Black "Rating-Schmating"]
[Result "1-0"]
[WhiteElo "2063"]
[BlackElo "2210"]
[TimeControl "180+2"]
[EndTime "12:29:53 PDT"]
[Termination "Ksenia_Legenko won by checkmate"]

1. d4 e6 2. c4 b6 3. Nf3 Bb7 4. Nbd2 Nf6 5. g3 c5 6. Bg2 cxd4 7. O-O d5 8. Nxd4 Bc5 9. N2b3 O-O 10. Nxc5 bxc5 11. Nb5 Qb6 12. b3 a6 13. Nc3 dxc4 14.
Bxb7 Qxb7 15. bxc4 Nbd7 16. Be3 Qc6 17. Qa4 Qxa4 18. Nxa4 Rac8 19. Rab1 Ne4 20. Rb7 Ne5 21. Rc1 Nd6 22. Ra7 Ndxc4 23. Bxc5 Rfd8 24. f4 Ng4 25. Rxc4 Rd1+ 26. Kg2 h5 27. Rc3 Re1 28. Bf2 Rxe2 29.
Rxc8+ Kh7 30. h3 Rxf2+ 31. Kg1 Rxa2 32. hxg4 Rxa4 33. gxh5 Ra1+ 34. Kg2 Ra2+ 35. Kh3 f5 36. Rcc7 Ra1 37. Rxg7+ Kh8 38. Rge7 Rh1+ 39. Kg2 Rxh5 40.
Re8# 1-0

[Event "*** Titled Tuesday 3|2 Blitz"]
[Site "Chess.com"]
[Date "2016.05.03"]
[Round "7"]
[White "HansCoolNiemann"]
[Black "eugeniusjr"]
[Result "1-0"]
[WhiteElo "2272"]
[BlackElo "1887"]
[TimeControl "180+2"]
[EndTime "12:30:11 PDT"]
[Termination "HansCoolNiemann won by resignation"]

1. d4 Nf6 2. c4 g6 3. Nc3 d5 4. Nf3 Bg7 5. Bg5 Ne4 6. cxd5 Nxg5 7. Nxg5 e6 8. Qd2 exd5 9. Qe3+ Kf8 10. Qf4 Bf6 11.
h4 h6 12. Nf3 Kg7 13. e3 Re8 14. Bd3 c5 15. O-O-O Nc6 16. g4 cxd4 17. exd4 Be6 18. g5 hxg5 19. hxg5 Be7 20. Rh6 Qb6 21. Qh4 Rh8 22.
Rh1 Rhg8 23. Rh7+ Kf8 24. Rh8 Bxg5+ 25. Qxg5 Ne7 26. Qf6 Ke8 27. Rxg8+ Nxg8 28. Rh8 Kd7 29. Ne5+ Kc7 30. Nb5+ Qxb5 31. Rxg8 1-0

[Event "*** Titled Tuesday 3|2 Blitz"]
[Site "Chess.com"]
[Date "2016.05.03"]
[Round "7"]
[White "Zazuliak"]
[Black "GulamaliRises"]
[Result "0-1"]
[WhiteElo "2370"]
[BlackElo "2574"]
[TimeControl "180+2"]
[EndTime "12:30:16 PDT"]
[Termination "GulamaliRises won by resignation"]

1. d4 d6 2. Nf3 Nf6 3. c4 g6 4.
Nc3 Bg7 5. e4 O-O 6. Be2 c5 7.
O-O Nc6 8. d5 Na5 9. Qc2 Bg4 10.
Nd2 Bxe2 11. Nxe2 Nd7 12. Rb1 e5 13. a3 b6 14. b4 Nb7 15. Bb2 cxb4 16. axb4 a5 17.
bxa5 bxa5 18. f4 Nbc5 19. fxe5 Nxe5 20. Nf3 Re8 21. Ned4 a4 22. Nxe5 Bxe5 23. Nc6 Qg5 24. Bxe5 dxe5 25. Qf2 Nxe4 26. Qxf7+ Kh8 27. Rb7 Qe3+ 28.
Kh1 Qh6 29. Qc7 Ng3+ 30. Kg1 Qe3+ 0-1

[Event "*** Titled Tuesday 3|2 Blitz"]
[Site "Chess.com"]
[Date "2016.05.03"]
[Round "7"]
[White "Dlugy"]
[Black "Sophiste2"]
[Result "0-1"]
[WhiteElo "2590"]
[BlackElo "2785"]
[TimeControl "180+2"]
[EndTime "12:30:19 PDT"]
[Termination "Sophiste2 won by resignation"]

1. d4 Nf6 2. Bf4 g6 3. e3 Bg7 4. Nf3 O-O 5. h3 d6 6. Be2 Nfd7 7. Bh2 e5 8. O-O Nc6 9. c3 e4 10. Nfd2 f5 11. c4 Nf6 12. Nc3 g5 13. Rb1 a5 14.
a3 Qe7 15. b4 axb4 16. axb4 b6 17. Nb5 Ba6 18. c5 f4 19. cxd6 cxd6 20. exf4 gxf4 21. Nb3 f3 22. Bc4+ d5 23. Bd6 Qf7 24. Bxf8 Qg6 25. g3 Rxf8 26. Ra1 dxc4 27. Rxa6 Qh5 28. Kh2 Ng4+ 0-1